 Dungeon Crawl Stone Soup version 0.29-a0-520-gc852659d43 (webtiles) character file.

Game seed: 6297899905955578758

11922 Zdeegee the Blocker (level 12, -21/94 HPs)
             Began as a Formicid Fighter on May 31, 2022.
             Was a High Priest of Okawaru.
             Demolished by a titanic slime creature (25 damage)
             ... on level 13 of the Dungeon.
             The game lasted 00:25:35 (13761 turns).

Zdeegee the Blocker (Formicid Fighter)             Turns: 13761, Time: 00:25:36

Health: -21/94     AC: 17    Str: 26    XL:     12   Next: 13%
Magic:  17/17      EV:  9    Int: 12    God:    Okawaru [*****.]
Gold:   1247       SH: 13    Dex: 10    Spells: 11/11 levels left

rFire   . . .      SeeInvis +   a - +5 war axe
rCold   . . .      Faith    .   F - +2 buckler
rNeg    . . .      Spirit   .   R - +4 chain mail "Ritoazaa" {Slay+2}
rPois   +          Reflect  +   (helmet unavailable)
rElec   .          Harm     .   I - scarf {repulsion}
rCorr   .          Rampage  .   i - +0 pair of gloves
Will    ++...                   g - +0 pair of boots
Stlth   ..........              p - amulet of reflection
HPRegen 0.25/turn               P - ring "Hatwoh" {Fly rPois Int+4}
MPRegen 0.15/turn               h - ring of willpower

@: flying, studying Bows, repel missiles
A: permanent stasis, dig shafts and tunnels, antennae 3, four strong arms
a: Dig, Shaft Self, Renounce Religion, Heroism, Finesse, Duel


You were on level 13 of the Dungeon.
You worshipped Okawaru.
Okawaru was extremely pleased with you.
You visited 2 branches of the dungeon, and saw 12 of its levels.
You also visited: Sewer and Bailey.

You collected 1247 gold pieces.

Inventory:

Hand Weapons
 a - a +5 war axe (weapon)
 b - a +3 spear of freezing
 t - a +4 rapier
 K - a +0 hunting sling
 L - a +0 war axe of electrocution
 N - a +4 mace
Missiles
 r - 3 throwing nets
 z - 9 curare-tipped darts
Armour
 g - a +0 pair of boots (worn)
 i - a +0 pair of gloves (worn)
 A - a scarf of shadows
 D - a +0 scale mail
 F - a +2 buckler (worn)
 I - a scarf of repulsion (worn)
 O - a +0 kite shield
 R - the +4 chain mail "Ritoazaa" (worn) {Slay+2}
   (You found it in a bailey)

   Slay:      It affects your accuracy & damage with ranged weapons and melee
   (+2).
Jewellery
 e - a ring of flight
 h - a ring of willpower (right hand)
 p - an amulet of reflection (around neck)
 s - an amulet of faith
 x - an amulet of magic regeneration
 H - a ring of protection from cold
 J - a ring of fire
 P - the ring "Hatwoh" (left hand) {Fly rPois Int+4}
   (You took it off an orc on level 6 of the Dungeon)

   [ring of flight]

   Int:       It affects your intelligence (+4).
   rPois:     It protects you from poison.
   Fly:       It grants you flight.
Wands
 u - a wand of mindburst (4)
 C - a wand of flame (23) (quivered)
 Q - a wand of iceblast (15)
Scrolls
 k - a scroll of identify
 m - 6 scrolls of fear
 n - a scroll of amnesia
 o - a scroll of immolation
 w - a scroll of enchant armour {unknown}
 y - 2 scrolls of magic mapping
 E - 2 scrolls of vulnerability
 G - a scroll of blinking {unknown}
 M - a scroll of poison {unknown}
Potions
 c - 2 potions of mutation
 d - 2 potions of might
 f - 6 potions of flight
 j - 10 potions of curing
 l - 2 potions of lignification
 v - 2 potions of resistance
 B - 2 potions of attraction
 T - 2 potions of brilliance
Miscellaneous
 S - a piece from Xom's chessboard (14/15)


   Skills:
 * Level 8.4 Fighting
 + Level 8.0(8.1) Axes
 + Level 1.2(5.1) Polearms
 * Level 6.5 Slings
 * Level 8.5 Armour
 + Level 2.3 Dodging
 + Level 2.0 Stealth
 * Level 10.5 Shields
 * Level 6.8 Invocations
 * Level 7.2 Evocations


You had 11 spell levels left.
You didn't know any spells.
Your spell library contained the following spells:

 Spells                   Type           Power      Damage    Failure   Level
 Apportation              Tloc           0%         N/A       89%         1
 Freeze                   Ice            0%         1d3       89%         1
 Necrotize                Necr           0%         1d4       89%         1
 Frozen Ramparts          Ice            0%         1d2       99%         3
 Gell's Gravitas          Tloc           0%         N/A       99%         3
 Lesser Beckoning         Tloc           0%         N/A       99%         3
 Portal Projectile        Hex/Tloc       0%         N/A       99%         3
 Teleport Other           Tloc           0%         N/A       99%         3
 Vampiric Draining        Necr           0%         2d6       99%         3
 Cause Fear               Hex            0%         N/A       100%        4
 Hailstorm                Conj/Ice       0%         3d3       100%        4
 Leda's Liquefaction      Hex/Erth       0%         N/A       100%        4
 Passage of Golubria      Tloc           0%         N/A       100%        4
 Agony                    Necr           0%         N/A       100%        5
 Alistair's Intoxication  Tmut/Pois      0%         N/A       100%        5
 Yara's Violent Unravell  Hex/Tmut       0%         3d3       100%        5
 Dragon Form              Tmut           0%         N/A       100%        7
 Call Canine Familiar     Summ           Unusable   N/A       N/A         3
 Tukima's Dance           Hex            Unusable   N/A       N/A         3
 Dragon's Call            Summ           Unusable   N/A       N/A         9

Dungeon Overview and Level Annotations

Branches:
Dungeon (10/15)            Temple (1/1) D:5            Lair (0/6) D:8
  Sewer (visited)          Bailey (visited)
    Orc: D:9-12

Altars:
Ashenzari
Cheibriados
Fedhas
Hepliaklqana
Kikubaaqudgha
Makhleb
Nemelex Xobeh
Okawaru
Qazlal
Ru
Sif Muna
Trog
Uskayaw
Wu Jian
Yredelemnul
The Shining One

Shops:
D:3 :   D:5 =

Annotations:
D:9 2 transporters, dolemite99's ghost, novice DsGl


Innate Abilities, Weirdness & Mutations

You cannot be hasted, slowed, berserked, paralysed or teleported.
You can dig through walls and to a lower floor.
You have a pair of large antennae on your head. (SInv)
Your four strong arms can wield two-handed weapons with a shield.


Message History

A slime creature merges with something you can't see.
The slime creature barely misses you.
You slash the slime creature!
The slime creature is lightly wounded.
The slime creature hits you!
You slash the slime creature!
The slime creature is moderately wounded.
The slime creature barely misses you.
Two slime creatures merge to form a large slime creature.
You slice the large slime creature!!
The large slime creature is moderately wounded.
Unknown command.
The large slime creature quivers.
You hit the large slime creature.
The large slime creature is moderately wounded.
The large slime creature jiggles.
The large slime creature barely misses you.
Two slime creatures merge to form a very large slime creature.
You barely miss the very large slime creature.
The very large slime creature is moderately wounded.
Unknown command.
You slash the very large slime creature!
The very large slime creature is moderately wounded.
Two slime creatures merge to form a titanic slime creature.
The titanic slime creature attacks as you move away!
The titanic slime creature hits you!!!
The titanic slime creature attacks as you move away!
You block the titanic slime creature's attack.
The titanic slime creature attacks as you move away!
The titanic slime creature hits you but does no damage.
The titanic slime creature attacks as you move away!
The titanic slime creature hits you!
The titanic slime creature attacks as you move away!
You block the titanic slime creature's attack.
The titanic slime creature attacks as you move away!
The titanic slime creature hits you!!
* * * LOW HITPOINT WARNING * * *
The titanic slime creature attacks as you move away!
The titanic slime creature hits you!!
You die...

#.......# ####.#####.#
#....# #.###
######.########....
#...............###
#.###..#..#####.# #.#
#..#..# #.# #J###.....#
###.### ≈≈≈..
#.@......## #......
≈≈≈.. #####.>..# ##.#.##
.....≈ ####....# #.#.#
.≈≈... ........# #.#.#
.≈≈.≈≈# ####...#####.#.#
.≈≈.... #..........#.#.#
≈≈≈≈≈≈)##.####.###...#.#
........>........#..##.#
≈≈≈≈.≈###..###.#.#..##.#


You could see a titanic slime creature.

Vanquished Creatures
  A centaur warrior (D:10)
  A two-headed ogre (D:10)
  Erica (D:10)
  A deep elf pyromancer (D:10)
  A manticore (D:10)
  3 cyclopes
  A kobold demonologist (D:13)
  2 trolls
  A hornet (D:9)
  6 slime creatures
  3 shadows
  A wraith (D:10)
  2 yaks (D:10)
  A wyvern (D:7)
  A steam dragon (D:8)
  2 acid dragons (D:10)
  4 orc warriors
  An ice beast (D:6)
  5 ogres
  5 centaurs
  A phantom (D:5)
  9 kobold brigands
  2 gnoll sergeants
  A necrophage (D:6)
  4 scorpions
  6 bullfrogs
  9 wights
  14 killer bees
  A howler monkey (D:6)
  6 hounds
  4 jellies
  5 orc priests
  4 iguanas
  11 orc wizards
  12 gnolls
  3 river rats (Sewer)
  13 adders
  A shadow imp (D:5)
  2 ufetubi (D:5)
  A worm (D:4)
  A dart slug (D:1)
  27 orcs
  18 ball pythons
  7 endoplasms
  6 giant cockroaches
  14 goblins
  6 hobgoblins
  5 jackals (D:1)
  5 quokkas
  3 bats
  7 frilled lizards
  39 kobolds
  27 rats
  A spectral orc (D:5)
318 creatures vanquished.

Vanquished Creatures (others)
  A plant (Temple)
1 creature vanquished.

Grand Total: 319 creatures vanquished

Notes
Turn   | Place    | Note
-------+----------+-------------------------------------------
     0 | D:1      | Zdeegee the Formicid Fighter began the quest for the Orb.
     0 | D:1      | Reached XP level 1. HP: 18/18 MP: 1/1
    54 | D:1      | Reached XP level 2. HP: 14/24 MP: 2/2
   295 | D:1      | Reached skill level 1 in Evocations
   398 | D:1      | Reached XP level 3. HP: 28/29 MP: 3/3
   828 | D:1      | Found a faded altar of an unknown god.
  1007 | D:2      | Reached skill level 1 in Slings
  1086 | D:2      | Reached XP level 4. HP: 27/35 MP: 4/4
  1764 | D:3      | Found a glowing drain.
  1789 | Sewer    | Entered a sewer
  1835 | Sewer    | Reached XP level 5. HP: 42/42 MP: 5/5
  2044 | Sewer    | Reached skill level 5 in Shields
  2183 | Sewer    | Noticed a bullfrog
  2185 | Sewer    | Reached skill level 1 in Invocations
  2185 | Sewer    | Noticed a bullfrog
  2190 | Sewer    | Killed a bullfrog
  2191 | Sewer    | Reached XP level 6. HP: 35/48 MP: 6/6
  2603 | D:3      | Found a sacrificial altar of Ru.
  2621 | D:3      | Found Woozaxulou's Book Boutique.
  2773 | D:3      | Reached XP level 7. HP: 15/54 MP: 8/8
  3726 | D:4      | Reached skill level 6 in Shields
  4064 | D:5      | Entered Level 5 of the Dungeon
  4087 | D:5      | Reached XP level 8. HP: 54/61 MP: 9/9
  4388 | D:5      | Reached skill level 5 in Armour
  4565 | D:5      | Found Bafetai's Jewellery Emporium.
  4608 | D:5      | Reached skill level 1 in Dodging
  4923 | D:5      | Reached skill level 7 in Shields
  4955 | D:5      | Reached skill level 5 in Fighting
  5110 | D:5      | Found a basalt altar of Yredelemnul.
  5317 | D:5      | Reached XP level 9. HP: 55/68 MP: 11/11
  5449 | D:5      | Found a staircase to the Ecumenical Temple.
  5460 | Temple   | Entered the Ecumenical Temple
  5495 | Temple   | Became a worshipper of Warmaster Okawaru
  5554 | D:6      | Noticed a troll
  5695 | D:5      | Reached skill level 5 in Axes
  5935 | D:6      | Killed a troll
  5935 | D:6      | Reached * piety under Okawaru
  6684 | D:7      | Reached skill level 8 in Shields
  7099 | D:6      | Found a blossoming altar of Fedhas.
  7393 | D:6      | Identified the ring "Hatwoh" {Fly rPois Int+4}
  7442 | D:6      | Reached ** piety under Okawaru
  7584 | D:7      | Reached XP level 10. HP: 40/76 MP: 13/13
  7807 | D:7      | Reached skill level 5 in Evocations
  8205 | D:7      | Reached skill level 1 in Polearms
  8866 | D:7      | Found a shimmering blue altar of Sif Muna.
  9036 | D:8      | Found a hazy altar of Hepliaklqana.
  9041 | D:8      | Found a sparkling altar of Nemelex Xobeh.
  9041 | D:8      | Found a burning altar of Makhleb.
  9042 | D:8      | Found an ancient bone altar of Kikubaaqudgha.
  9141 | D:8      | Reached skill level 5 in Slings
  9360 | D:8      | Found a staircase to the Lair.
  9474 | D:8      | Reached *** piety under Okawaru
  9512 | D:8      | Found a flagged portal.
  9523 | Bailey   | Entered a bailey
  9973 | Bailey   | Reached skill level 5 in Invocations
 10044 | Bailey   | Found a bloodstained altar of Trog.
 10057 | Bailey   | Identified the +4 chain mail "Ritoazaa" {Slay+2}
 10774 | D:9      | Found a transporter.
 10786 | D:9      | Noticed dolemite99's ghost (novice DsGl)
 10810 | D:9      | Found a transporter.
 10846 | D:9      | Found a glowing golden altar of the Shining One.
 10846 | D:9      | Found a bloodstained altar of Trog.
 10926 | D:9      | Reached skill level 9 in Shields
 10971 | D:9      | Reached XP level 11. HP: 77/84 MP: 15/15
 11450 | D:10     | Entered Level 10 of the Dungeon
 11506 | D:10     | Found a broken altar of Ashenzari.
 11588 | D:10     | Noticed Erica
 11607 | D:10     | Killed Erica
 11607 | D:10     | Reached **** piety under Okawaru
 11870 | D:10     | Found an ornate altar of the Wu Jian Council.
 11884 | D:10     | Noticed a two-headed ogre
 11904 | D:10     | Killed a two-headed ogre
 11905 | D:10     | Reached skill level 1 in Stealth
 12082 | D:10     | Reached skill level 10 in Shields
 12253 | D:10     | Noticed a cyclops
 12253 | D:10     | Noticed a deep elf pyromancer
 12266 | D:10     | Noticed a centaur warrior
 12270 | D:10     | Killed a centaur warrior
 12270 | D:10     | Reached ***** piety under Okawaru
 12271 | D:10     | Noticed a manticore
 12279 | D:10     | Killed a deep elf pyromancer
 12283 | D:10     | Killed a cyclops
 12289 | D:10     | Killed a manticore
 12289 | D:10     | Received a gift from Okawaru
 12297 | D:10     | Noticed a wizard
 12301 | D:10     | Noticed a centaur warrior
 12316 | D:10     | HP: 1/86 [centaur warrior/staff of air (7)]
 12317 | D:10     | You are sucked into a shaft and drop 3 floors!
 12717 | D:13     | Noticed a cyclops
 12729 | D:13     | HP: 4/86 [cyclops (8)]
 12732 | D:13     | Killed a cyclops
 13171 | D:13     | Reached XP level 12. HP: 33/94 MP: 17/17
 13760 | D:13     | HP: 4/94 [titanic slime creature (30)]
 13761 | D:13     | Demolished by a titanic slime creature

Illustrated notes

Levels and vault maps discovered:
D:1:      shiori_arrival_elements, layout_basic, shapermc_ecumenical_altar_petra
D:2:      layout_rooms
D:3:      layout_rooms, lemuel_tele_altar, serial_shops, nicolae_lakefront_shop,
          portal_sewer_entry_f, wad_floor_pattern_2
D:4:      layout_gridville
D:5:      layout_loops_ring, yredelemnul_forgotten_temple_becter,
          minmay_temple_entry_statues, minmay_crystal_water,
          minmay_misc_feat_cross, minmay_shop_enchanted_jewellery
D:6:      layout_loops_corners, lemuel_coloured_pillars_altar,
          minmay_manual_moon
D:7:      layout_layer_cave, marbit_many_paths
D:8:      layout_basic, grunt_temple_overflow_open, dpeg_oklobed_lair,
          enter_bailey_3
D:9:      layout_long_grid, mainiacjoe_overflow_divided_tiny,
          gammafunk_ghost_stat_death
D:10:     minmay_the_grid_triangle_9x9_rhombus_thin_mashed
          [minmay_the_grid_triangle_9x9_semitri,
          minmay_the_grid_triangle_9x9_prize_schism,
          minmay_the_grid_triangle_9x9_dagger,
          minmay_the_grid_triangle_9x9_longest], layout_basic,
          mainiacjoe_overflow_brackets, nicolae_wu_jian_wuxing_cycle, uniq_erica
D:13:     layout_basic, ebering_ghost_xom, dreamdust_wasp_nest
Temple:   cyrus_temple_forest

Skill      XL: |  1  2  3  4  5  6  7  8  9 10 11 12 |
---------------+-------------------------------------+-----
Evocations     | 1 2 3 4 6 7 |  7.2
Slings         | 1 2 3 4 5 6 |  6.5
Shields        | 5 6 7 8 9 10 | 10.5
Invocations    | 1 2 3 4 5 6 |  6.8
Fighting       | 4 5 6 7 8 |  8.4
Axes           | 3 4 5 6 7 8 |  8.0
Armour         | 4 5 6 7 8 |  8.5
Dodging        | 1 2 |  2.3
Polearms       | 1 |  1.2
Stealth        | 2 |  2.0

Action                   |  1- 3 |  4- 6 |  7- 9 | 10-12 || total
-------------------------+-------+-------+-------+-------++-------
Melee: War axe           |   102 |   159 |   268 |   369 ||   898
       Spear             |       |       |    35 |    23 ||    58
Invok: Heroism           |       |       |       |     5 ||     5
       Finesse           |       |       |       |     3 ||     3
 Abil: Dig               |       |       |       |     1 ||     1
       Shaft Self        |       |       |       |     1 ||     1
Evoke: Wand              |       |       |    14 |    29 ||    43
       Piece from Xom's  |       |       |       |     4 ||     4
  Use: Scroll            |       |     4 |     2 |    14 ||    20
       Potion            |       |       |     2 |     4 ||     6
 Stab: Petrified         |       |       |       |     6 ||     6
Armor: Scale mail        |    56 |   108 |    67 |    41 ||   272
       Chain mail        |       |       |       |    75 ||    75
Dodge: Dodged            |    58 |   110 |   104 |   133 ||   405
Block: Buckler           |    30 |   141 |   203 |   245 ||   619
       Reflection        |       |     1 |     6 |    26 ||    33

Table legend: (Time is in decaauts)
 A = Elapsed time spent in this place.
 B = Non-inter-level travel time spent in this place.
 C = Inter-level travel time spent in this place.
 D = Time resting spent in this place.
 E = Time spent auto-exploring this place.
 F = Levels seen in this place.
 G = Mean time per level.
                   A        B        C        D        E       F      G
               +--------+--------+--------+--------+--------+-----+--------+
         Total |  13959 |  13471 |    488 |   3019 |   7523 |  14 |  997.1 |
       Dungeon |  12670 |  12182 |    488 |   2514 |   7168 |  11 | 1151.8 |
        Temple |     58 |     58 |      0 |      0 |     23 |   1 |   58.0 |
         Sewer |    633 |    633 |      0 |    234 |    199 |   1 |  633.0 |
        Bailey |    597 |    597 |      0 |    271 |    133 |   1 |  597.0 |
               +--------+--------+--------+--------+--------+-----+--------+

Top non-repeatable levels by time:
     D:7: 1853 daAuts
     D:5: 1682 daAuts
    D:13: 1443 daAuts
     D:6: 1431 daAuts
     D:4: 1168 daAuts
     D:1: 1023 daAuts
     D:8: 1007 daAuts
    D:10: 846 daAuts
     D:9: 843 daAuts
     D:3: 798 daAuts
   Sewer: 633 daAuts
  Bailey: 597 daAuts
     D:2: 571 daAuts
  Temple: 58 daAuts
